 Dungeon Crawl Stone Soup version 0.14.0-26-g1682e81 (webtiles) character file.

160 Heini the Covered (level 4, 0/40 HPs)
             Began as a Hill Orc Fighter on Apr 26, 2014.
             Slain by Nihil's ghost (3 damage)
             ... on Level 3 of the Dungeon.
             The game lasted 00:04:55 (1936 turns).

Heini the Covered (Hill Orc Fighter)                Turns: 1936, Time: 00:04:55

HP   0/40        AC  7     Str 24      XL: 4   Next: 68%
MP   4/4         EV  7     Int  8      God:
Gold 63          SH 19     Dex 10      Spells:  0 memorised,  3 levels left

rFire  . . .     SeeInvis .     a - +0 war axe
rCold  . . .     Clarity  .     b - +0 scale mail
rNeg   . . .     Conserve .     c - +0 shield
rPois  .         rCorr    .     (no helmet)
rElec  .         rRot     .     (no cloak)
SustAb . .       Spirit   .     (no gloves)
rMut   .         Warding  .     (no boots)
Saprov + . .     Stasis   .     (no amulet)
MR     .....                    (no ring)
                                (no ring)

@: mighty, not resistant to hostile enchantments, extremely unstealthy
A: saprovore 1
a: no special abilities


You were on level 3 of the Dungeon.
You were not hungry.

You visited 1 branch of the dungeon, and saw 3 of its levels.

You collected 63 gold pieces.

Inventory:

Hand weapons
 a - a +0,+0 war axe (weapon)
Missiles
 o - 9 stones (quivered)
Armour
 b - a +0 scale mail (worn)
 c - a +0 shield (worn)
Comestibles
 d - 3 meat rations
 f - a pear
 g - 3 bread rations
 r - a rotting chunk of hobgoblin flesh
Scrolls
 i - a scroll of teleportation {unknown}
 j - 2 scrolls of identify {unknown}
 k - a scroll of recharging {unknown}
 m - a scroll of immolation {unknown}
 p - a scroll of blinking {unknown}
 s - a scroll of enchant weapon II {unknown}
Jewellery
 n - an uncursed ring of flight {unknown}
 v - an uncursed ring of poison resistance {unknown}
Potions
 e - 2 potions of might
 h - a potion of agility {unknown}
 l - 2 potions of curing {unknown}
 q - a potion of haste {unknown}
 t - a potion of resistance {unknown}
 w - a potion of heal wounds {unknown}
Books
 u - a book of Minor Magic

   Spells                             Type                      Level
   Magic Dart                         Conjuration                  1
   Blink                              Translocation                2
   Call Imp                           Summoning                    2
   Repel Missiles                     Charms/Air                   2
   Slow                               Hexes                        2
   Conjure Flame                      Conjuration/Fire             3
   Mephitic Cloud                     Conjuration/Poison/Air       3


   Skills:
 * Level 4.3 Fighting
 * Level 3.9 Axes
 * Level 4.6 Armour
 - Level 3.4 Shields


You had 3 spell levels left.
You didn't know any spells.

Dungeon Overview and Level Annotations

Branches:
Dungeon (3/15)

Altars:

Annotations:
D:3 Nihil's ghost, average SpAs


Innate Abilities, Weirdness & Mutations

You can tolerate rotten meat.


Message History

Nihil's ghost is heavily damaged.
Nihil's ghost hits you but does no damage. x2
Your scale mail prevents you from hitting Nihil's ghost.
Nihil's ghost is heavily damaged.
Nihil's ghost hits you.
* * * LOW HITPOINT WARNING * * *
Nihil's ghost hits you.
* * * LOW HITPOINT WARNING * * *
Drink which item? (? for menu, Esc to quit)
Okay, then.
You block Nihil's ghost's attack. Nihil's ghost barely misses you.
You block Nihil's ghost's attack.
You see here 5 gold pieces.
Nihil's ghost hits you.
* * * LOW HITPOINT WARNING * * *
You block Nihil's ghost's attack. Nihil's ghost closely misses you.
Nihil's ghost hits you.
You die...

##### #... #... #..
#.. #.# #.# #@# #p#
#.# #.# #.# #
#.##.####. #
#######.........
..##...............
#...........#..###.


You could see Nihil's ghost.

Vanquished Creatures
  Ijyb (D:2)
  An adder (D:2)
  A giant mite (D:1)
  5 giant geckos
  An orc (D:3)
  2 bats
  8 hobgoblins
  7 jackals
  A quokka (D:2)
  A giant newt (D:1)
  15 goblins
  7 kobolds
  6 rats
56 creatures vanquished.

Notes
Turn   | Place    | Note
--------------------------------------------------------------
     0 | D:1      | Heini, the Hill Orc Fighter, began the quest for the Orb.
     0 | D:1      | Reached XP level 1. HP: 19/19 MP: 1/1
     2 | D:1      | Noticed Faohed the pandemonium lord
     3 | D:1      | Noticed an iron imp
     4 | D:1      | Noticed an ice devil
     6 | D:1      | Noticed an orange demon
   146 | D:1      | Reached XP level 2. HP: 22/27 MP: 2/2
   266 | D:1      | Reached skill level 4 in Fighting
   348 | D:1      | Reached XP level 3. HP: 29/33 MP: 3/3
   721 | D:1      | Noticed a hell beast
   723 | D:1      | Noticed an Executioner
  1358 | D:2      | Reached XP level 4. HP: 33/40 MP: 4/4
  1414 | D:2      | Noticed Ijyb
  1434 | D:2      | Killed Ijyb
  1890 | D:3      | Noticed Nihil's ghost (average SpAs)
  1926 | D:3      | HP: 2/40 [Nihil's ghost (3)]
  1936 | D:3      | Slain by Nihil's ghost

Action                   |  1- 3 |  4- 6 || total
-------------------------+-------+-------++-------
Melee: War axe           |   146 |    82 ||   228
  Use: Potion            |       |     1 ||     1
